Map: Frozen Temple

Players

테란죳고수

  • Race: Terran Terran
  • League: Platinum

IIIIIIIIIIII - Winner!

  • Race: Terran Terran
  • League: Platinum

VOD

Have the link to the VOD?

Description

TVT

Time

  • Played on: April 19, 2016, 1:48 a.m.
  • Length: 17:08
Show
View Real Time Build Order
Export as new Build Order

테란죳고수 Terran 

Build Orders: Banshee Rush 

Get SALT Encoding   

  12  0:00  SCV  
  13  0:17  Supply Depot  
  13  0:18  SCV  
  14  0:26  Refinery  
  14  0:30  SCV  
  15  0:43  Barracks  
  15  0:48  SCV  
  16  1:00  SCV  
  17  1:12  SCV  
  17  1:13  Refinery  
  18  1:24  SCV  
  19  1:30  Reaper, Supply Depot  
  20  1:36  Orbital Command  
  20  1:49  Factory  
  20  2:02  SCV  
  20  2:03  Marine  
  22  2:14  SCV  
  23  2:15  Supply Depot  
  23  2:26  Marine, SCV  
  25  2:34  Factory Tech Lab  
  25  2:37  Starport  
  25  2:38  SCV  
  26  2:54  Siege Tank  
  29  3:04  Bunker  
  29  3:08  Marine  
  30  3:21  SCV  
  31  3:27  Starport Tech Lab  
  30  3:37  Siege Tank  
  33  3:47  Cloaking Field, Banshee  
  36  3:55  SCV  
  37  4:21  SCV  
  37  4:23  Supply Depot  
  38  4:28  Command Center  
  38  4:33  Marine  
  39  4:45  Banshee, Siege Tank, SCV  
  46  4:47  Supply Depot  
  46  4:51  Marine  
  44  5:41  Orbital Command, Siege Tank  
  44  5:44  Supply Depot  
  44  5:49  Barracks, Barracks Tech Lab  
  44  5:52  SCV  
  45  6:04  SCV  
  45  6:07  Orbital Command  
  43  6:13  Siege Tank  
  43  6:14  Banshee  
  43  6:16  SCV  
  50  6:20  Marauder  
  52  6:29  SCV  
  52  6:30  Barracks  
  53  6:35  Barracks  
  53  6:41  SCV  
  53  6:42  Barracks Reactor  
  53  7:22  Marauder  
  55  7:23  Barracks Reactor, Siege Tank  
  55  7:43  Marine  
  55  7:44  Marine, Marauder, Barracks Reactor  
  57  7:52  Supply Depot, SCV  
  57  7:55  Refinery, Siege Tank  
  58  8:04  Marine x2, SCV  
  58  8:05  Marine x2, Marauder  
  65  8:16  SCV  
  66  8:26  Marine x4  
  70  8:27  Marine x2, Marauder  
  70  8:28  SCV  
  70  8:30  Stimpack  
  75  8:35  Supply Depot  
  75  8:40  SCV  
  76  8:42  Starport Reactor  
  76  8:43  Barracks  
  76  8:49  Marauder  
  76  8:52  SCV  
  76  9:04  SCV  
  75  9:17  SCV  
  76  9:30  Marine x2  
  76  9:31  Marine x4, Siege Tank  
  79  9:33  Marauder  
  83  9:42  Medivac x2  
  83  9:44  SCV  
  85  9:48  Marine x2  
  85  9:49  Marine x4  
  85  9:51  Engineering Bay  
  85  9:52  Combat Shields  
  91  9:54  Marauder  
  91  9:56  SCV  
  94  10:07  Refinery  
  94  10:11  Supply Depot, Siege Tank  
  94  10:12  Marauder  
  99  10:18  Supply Depot, Medivac x2  
  99  10:20  Marine x2  
  105  10:21  Marine, Supply Depot  
  106  10:32  Missile Turret x2  
  106  10:33  Concussive Shells  
  106  10:35  Marauder  
  96  11:01  Siege Tank  
  96  11:02  Marine x4  
  78  11:20  Marine x2  
  74  11:32  Medivac  
  74  11:33  Siege Tank, Medivac  
  74  11:34  Marine x4  
  74  11:37  Terran Infantry Weapons Level 1  
  85  11:42  SCV  
  86  11:49  Marauder  
  86  11:52  Supply Depot  
  86  11:54  Marauder  
  90  12:02  Medivac  
  90  12:03  Medivac  
  90  12:05  Siege Tank  
  97  12:15  Engineering Bay  
  97  12:26  Command Center  
  97  12:28  Marine x2  
  70  12:50  Marine x2  
  70  12:51  Marine x4  
  67  12:52  Marauder  
  72  13:01  Siege Tank  
  72  13:03  Medivac  
  72  13:05  Marauder  
  79  13:09  Marine x2  
  81  13:15  Marine x4  
  85  13:25  Terran Infantry Armor Level 1  
  85  13:33  Marine x2  
  87  13:35  Marine x2  
  87  13:36  Marauder  
  91  14:21  Marine x2, Siege Tank  
  91  14:22  Marine x4  
  91  14:23  Marauder  
  102  14:25  Medivac x2  
  102  14:26  Marauder  
  108  14:31  Orbital Command  
  108  14:40  Marine x4  
  108  14:45  Marauder  
  114  14:48  Marauder  
  116  14:54  Marine x2, Siege Tank  
  108  15:19  Marine x2  
  108  15:20  Marine x2  
  108  15:21  Marine x2  
  112  15:22  Medivac x2  
  112  15:23  Marauder  
  112  15:24  Marauder  
  112  15:26  Siege Tank  
  120  15:38  Marine  
  120  15:39  Marine  
  109  15:44  Marauder  
  109  15:48  Marine  
  109  15:49  Marine  
  113  15:55  Marine, Medivac x2  
  113  15:56  Marine  
  110  15:58  Siege Tank  
  94  16:05  Marauder  
  87  16:12  SCV  
  88  16:18  Armory  
  88  16:21  Marine  
  88  16:22  Marine x3  
  88  16:24  SCV  
  93  16:26  Marine  
  93  16:27  Marine, Marauder  
  93  16:28  Marauder  
  93  16:30  Siege Tank  
  102  16:36  SCV  
  103  16:43  Marine x2  
  103  16:44  Marine x3  
  103  16:45  Marine  
  109  16:50  Refinery  
Show
View Real Time Build Order
Export as new Build Order

IIIIIIIIIIII Terran - Winner!

Build Orders: MMM Bio 

Get SALT Encoding   

  12  0:02  SCV  
  14  0:14  SCV  
  14  0:18  Supply Depot  
  14  0:26  SCV  
  15  0:40  SCV  
  16  0:43  Barracks  
  16  0:47  Refinery  
  16  0:52  SCV  
  17  1:04  SCV  
  18  1:16  SCV  
  19  1:30  Barracks  
  19  1:31  Orbital Command  
  19  1:32  Reaper  
  20  1:38  Barracks  
  20  1:43  Supply Depot  
  20  1:57  SCV  
  21  2:04  Reaper  
  21  2:06  Refinery  
  22  2:09  SCV  
  23  2:20  Reaper  
  23  2:21  SCV  
  25  2:30  Reaper  
  26  2:37  SCV  
  26  2:40  Supply Depot  
  27  2:47  Reaper  
  27  2:49  SCV  
  29  2:52  Reaper  
  30  3:08  Reaper  
  31  3:13  SCV  
  31  3:18  Supply Depot  
  31  3:19  Reaper  
  33  3:20  Command Center  
  33  3:25  Reaper  
  33  3:26  SCV  
  34  3:40  Reaper  
  35  3:51  Reaper  
  33  4:13  SCV  
  35  4:18  Factory  
  33  4:24  Marine  
  33  4:25  Marine x2, SCV  
  37  4:33  Engineering Bay  
  37  4:37  SCV  
  38  4:38  Orbital Command  
  38  4:42  Marine x3  
  41  4:49  SCV  
  41  5:00  Marine x3  
  41  5:01  SCV  
  44  5:13  SCV, Missile Turret  
  42  5:17  Missile Turret, Factory Tech Lab  
  42  5:18  Marine x3  
  42  5:21  SCV, Starport  
  45  5:26  SCV  
  45  5:33  SCV  
  44  5:36  Marine x2  
  44  5:38  SCV  
  44  5:39  Siege Tank  
  51  5:45  SCV, Terran Infantry Weapons Level 1  
  51  5:46  Barracks Tech Lab  
  51  5:50  SCV  
  51  5:53  Marine  
  51  5:54  Marine  
  54  5:57  SCV, Bunker  
  54  5:59  Medivac  
  54  6:02  SCV  
  57  6:07  Missile Turret  
  57  6:09  SCV  
  60  6:11  Marine x2, Siege Tank  
  60  6:18  Stimpack  
  62  6:21  Marine  
  62  6:22  Supply Depot x2  
  62  6:23  SCV  
  62  6:24  SCV  
  65  6:29  Marine x2  
  67  6:35  SCV  
  67  6:36  SCV  
  67  6:39  Marine  
  70  6:44  Medivac  
  70  6:46  Supply Depot  
  72  6:47  Marine x2  
  72  6:48  SCV x2  
  72  6:49  Siege Tank  
  79  6:55  Refinery  
  79  6:57  Marine  
  79  7:00  SCV x2  
  82  7:05  Marine x2  
  72  7:12  SCV  
  72  7:14  Marine  
  72  7:22  Marine  
  72  7:23  Marine  
  71  7:32  Marine  
  72  7:40  Marine x2  
  67  7:50  Marine  
  57  7:58  Marine  
  53  8:07  Marine  
  53  8:08  Marine  
  53  8:09  Liberator  
  53  8:16  Marine  
  53  8:18  Combat Shields  
  53  8:22  Orbital Command  
  53  8:23  Siege Tank  
  53  8:24  Marine  
  53  8:26  Marine  
  61  8:34  Marine  
  61  8:39  Command Center  
  62  8:42  Marine  
  62  8:44  Marine  
  64  8:52  Liberator, Marine  
  65  8:55  Siege Tank  
  65  9:00  Marine  
  65  9:01  Marine  
  62  9:09  Marine  
  56  9:18  Marine  
  56  9:19  Marine  
  57  9:27  Marine  
  57  9:29  Orbital Command  
  57  9:36  Marine  
  57  9:37  Marine  
  57  9:45  Marine  
  58  9:53  Marine  
  58  9:55  Marine  
  58  9:57  Orbital Command  
  60  10:03  Marine  
  64  10:07  Siege Tank  
  64  10:11  Marine  
  64  10:13  Marine  
  66  10:15  SCV  
  66  10:16  SCV  
  66  10:21  Marine  
  69  10:23  Medivac  
  69  10:28  SCV  
  72  10:29  Marine  
  72  10:30  Marine, SCV x2  
  72  10:32  Refinery, Missile Turret  
  76  10:38  Marine  
  77  10:47  Marine  
  77  10:48  Marine  
  73  10:53  Medivac  
  73  10:54  Siege Tank  
  73  10:56  Marine  
  79  11:00  Barracks  
  79  11:01  Barracks  
  79  11:05  Marine  
  79  11:06  Marine  
  79  11:14  Marine  
  77  11:22  Marine  
  77  11:24  Marine  
  75  11:26  Siege Tank  
  75  11:32  Marine, Orbital Command  
  79  11:37  Medivac  
  81  11:40  Marine  
  81  11:42  Marine  
  81  11:44  Barracks  
  81  11:45  Refinery, Barracks  
  83  11:50  Marine  
  84  11:58  Marine, Siege Tank  
  84  11:59  Marine  
  84  12:00  SCV x3  
  92  12:07  Marine, Medivac  
  95  12:12  SCV x3  
  98  12:16  Marine  
  98  12:17  Marine  
  98  12:20  Marine  
  98  12:22  Marine  
  102  12:24  SCV x3  
  102  12:25  Marine  
  106  12:30  Siege Tank  
  106  12:34  Marine  
  106  12:35  Marine  
  106  12:36  SCV x3  
  103  12:37  Marine, Medivac  
  103  12:39  Marine  
  103  12:43  Marine  
  101  12:48  SCV  
  99  12:52  Marine  
  99  12:53  Marine  
  99  12:54  SCV x2  
  99  12:57  Marine  
  104  13:00  Refinery, SCV  
  104  13:01  Marine x4  
  104  13:02  Refinery  
  109  13:15  Supply Depot x2  
  109  13:16  Supply Depot  
  109  13:18  Missile Turret  
  109  13:20  Supply Depot, Missile Turret  
  109  13:25  Terran Infantry Armor Level 1  
  109  13:26  Engineering Bay  
  109  13:36  Marine x5, Starport Reactor, SCV  
  109  13:37  Siege Tank  
  109  13:38  Supply Depot, Barracks Reactor  
  109  13:39  Barracks Reactor  
  118  13:46  Supply Depot  
  118  13:54  Armory, Marine x5  
  123  14:09  Siege Tank  
  126  14:11  Marine x5  
  126  14:14  Supply Depot  
  126  14:15  Marine x4  
  126  14:16  Supply Depot x3  
  135  14:18  Supply Depot  
  135  14:24  Medivac x2  
  139  14:29  Marine x5  
  144  14:33  Marine x3  
  144  14:36  Liberator  
  147  14:41  Siege Tank  
  147  14:45  Marine  
  151  14:47  Marine x4, Terran Infantry Weapons Level 2  
  151  14:50  Marine  
  157  14:54  Medivac  
  159  15:06  Liberator  
  135  15:10  Marine x5  
  135  15:11  Marine x3  
  135  15:13  Siege Tank  
  125  15:28  Marine x6  
  131  15:44  Engineering Bay  
  131  15:45  Armory  
  130  15:50  Marine x4  
  130  15:51  Marine x4  
  130  15:52  Siege Tank  
  123  16:08  Marine x5  
  123  16:09  Marine x3  
  129  16:26  Marine x2  
  129  16:27  Orbital Command  
  129  16:28  Marine x6  
  129  16:29  Siege Tank  
  146  16:43  Marine  
  146  16:44  Marine  
  146  16:45  Marine  
  146  16:46  Marine x2  
Tags
 
Composition
MMM Bio
Matchup
TvT
Race
Terran
Strategy
Banshee Rush
Add a new tag
Caveats
  • Supply blocks, unpowered buildings, or Contaminate may cause inaccurate times.
  • Supply counts are checked every 10 seconds.